 Dungeon Crawl Stone Soup version 0.29.1-1-gd02db6906a (webtiles) character file.

Game seed: 2160812075096267922

1205 RascalDebosk the Magician (level 8, 0/58 HPs)
             Began as a Djinni Fire Elementalist on Oct 22, 2022.
             Slain by a scorpion (1 damage)
             ... on level 6 of the Dungeon.
             The game lasted 00:50:01 (7644 turns).

RascalDebosk the Magician (DjFE)                    Turns: 7644, Time: 00:50:02

Health: 0/58       AC:  5    Str:  7    XL:     8   Next: 73%
Gold:   284        EV: 14    Int: 20    God:
                   SH:  0    Dex: 13

rFire   + + .      SeeInvis .   n - +2 long sword (protect)
rCold   x . .      Faith    .   (no shield)
rNeg    . . .      Spirit   .   a - +0 robe
rPois   ∞          Reflect  .   (no helmet)
rElec   .          Harm     .   y - +2 cloak
rCorr   .          Rampage  .   (no gloves)
Will    .....                   (boots unavailable)
Stlth   ++........              (no amulet)
HPRegen 0.19/turn               (no ring)
MPRegen 0.00/turn               (no ring)

@: flying, very slightly contaminated
A: sickness immunity, fire resistance 2, cold vulnerability 1, float, innate
caster, HP casting, extra vitality 1
a: no special abilities


You were on level 6 of the Dungeon.
You visited 2 branches of the dungeon, and saw 7 of its levels.
You also visited: Sewer and Ossuary.

You collected 284 gold pieces.

Inventory:

Hand Weapons
 n - a +2 long sword of protection (weapon)
Armour
 a - a +0 robe (worn)
 y - a +2 cloak (worn)
Wands
 u - a wand of quicksilver (11)
 E - a wand of mindburst (6)
Scrolls
 c - a scroll of summoning
 e - 2 scrolls of poison
 g - a scroll of blinking
 m - a scroll of noise
 t - a scroll of teleportation
 w - 2 scrolls of enchant weapon
 x - a scroll of immolation {unknown}
 A - 3 scrolls of fear
 C - a scroll of enchant armour
Potions
 b - 4 potions of curing
 f - 2 potions of degeneration {unknown}
 h - a potion of lignification {unknown}
 j - a potion of resistance {unknown}
 k - 3 potions of berserk rage
 l - 4 potions of brilliance
 o - 2 potions of attraction
 p - a potion of flight {unknown}
 q - 2 potions of mutation {unknown}
 r - a potion of magic {unknown}
 s - 2 potions of invisibility {unknown}
 z - 2 potions of haste {unknown}
 B - 5 potions of heal wounds
 D - 3 potions of might {unknown}
 F - 2 potions of cancellation {unknown}


   Skills:
 + Level 4.6 Fighting
 + Level 5.7 Dodging
 - Level 1.5 Stealth
 * Level 5.9 Spellcasting


You couldn't memorise any spells.
You knew the following spells:

 Your Spells              Type           Power      Damage    Failure   Level
a - Foxfire               Conj/Fire      100%       2x1d9     1%          1
b - Scorch                Fire           58%        2d7       1%          2
c - Conjure Flame         Conj/Fire      29%        6-21      2%          3
d - Inner Flame           Hex/Fire       29%        N/A       2%          3
e - Flame Wave            Conj/Fire      29%        2d9       10%         4
f - Apportation           Tloc           58%        N/A       1%          1
g - Static Discharge      Conj/Air       29%        3-7/arc   1%          2
h - Portal Projectile     Hex/Tloc       58%        N/A       2%          3
Your spell library was empty.

Dungeon Overview and Level Annotations

Branches:
Dungeon (6/15)             Temple (1/1) D:5           Sewer (visited)
Ossuary (visited)

Altars:
Cheibriados
Dithmenos
Fedhas
Gozag
Hepliaklqana
Makhleb
Nemelex Xobeh
Okawaru
Qazlal
Ru
Trog
Uskayaw
Xom
Yredelemnul
Zin
The Shining One


Innate Abilities, Weirdness & Mutations

You are immune to sickness and miasma.
You are immune to poison.
Your flesh is very heat resistant. (rF++)
You are vulnerable to cold. (rC-)
You float through the air rather than walking.
You learn spells naturally, not from books.
Your magical power is your life essence.
You have superior vitality. (+4 MHP)


Message History

The orc priest looks encouraged for a moment.
Casting: Foxfire (safe; 1% risk of failure)
Press: ? - help, Q - select action, (/) - cycle Dir - look around, f - activate You conjure some foxfire!
The orc shouts!
You hear a shout!
The orc wizard hits you but does no damage.
The foxfire hits the orc wizard but does no damage.
The orc wizard is almost dead.
The foxfire hits the orc wizard but does no damage.
The orc wizard is almost dead.
The orc wizard closely misses you.
The orc priest invokes the aid of Beogh against you.
Beogh smites you!
The orc priest invokes the aid of Beogh against you.
Beogh smites you!
* * * LOW HITPOINT WARNING * * *
The orc wizard hits you but does no damage.
The foxfire hits the orc wizard.
You kill the orc wizard!
The foxfire hits the orc.
The orc is almost dead.
A scorpion comes into view.
A water moccasin comes into view.
You see here 13 gold pieces.
Casting: Foxfire (safe; 1% risk of failure)
Press: ? - help, Q - select action, (/) - cycle Dir - look around, f - activate You conjure some foxfire!
The water moccasin hisses angrily.
* * * LOW HITPOINT WARNING * * *
Casting: Foxfire (safe; 1% risk of failure)
Press: ? - help, Q - select action, (/) - cycle Dir - look around, f - activate You conjure some foxfire!
* * * LOW HITPOINT WARNING * * *
The foxfire hits the orc but does no damage.
The orc is severely wounded.
The orc hits you with a +0 whip.
* * * LOW HITPOINT WARNING * * *
Casting: Foxfire (safe; 1% risk of failure)
Confirm with . or Enter, or press ? or * to list all spells.
Flames lash the orc.
The orc is almost dead.
The orc's fire resistance burns away.
* * * LOW HITPOINT WARNING * * *
The foxfire hits the orc but does no damage.
The orc is almost dead.
The foxfire hits the orc!
The orc is burned terribly!
You kill the orc!
Casting: Scorch (safe; 1% risk of failure)
Confirm with . or Enter, or press ? or * to list all spells.
You miscast Static Discharge.
You are very lightly contaminated with residual magic.
Nothing appears to happen.
* * * LOW HITPOINT WARNING * * *
The orc hits you with a +0 hand axe.
* * * LOW HITPOINT WARNING * * *
Casting: Static Discharge (safe; 1% risk of failure)
Confirm with . or Enter, or press ? or * to list all spells.
The orc is struck by an arc of lightning.
The orc is heavily wounded.
The scorpion is struck by an arc of lightning.
The scorpion is moderately wounded.
The orc is struck by an arc of lightning.
The orc is almost dead.
The lightning grounds out.
* * * LOW HITPOINT WARNING * * *
The orc completely misses you.
Casting: Static Discharge (safe; 1% risk of failure)
Confirm with . or Enter, or press ? or * to list all spells.
The scorpion is struck by an arc of lightning.
The scorpion is heavily wounded.
You are struck by an arc of lightning.
* * * LOW HITPOINT WARNING * * *
The orc is struck by an arc of lightning!
You kill the orc!
The lightning grounds out.
* * * LOW HITPOINT WARNING * * *
The scorpion stings you.
* * * LOW HITPOINT WARNING * * *
The water moccasin closely misses you.
Casting: Static Discharge (safe; 1% risk of failure)
Confirm with . or Enter, or press ? or * to list all spells.
The scorpion is struck by an arc of lightning.
The scorpion is severely wounded.
The water moccasin is struck by an arc of lightning.
The water moccasin is moderately wounded.
The scorpion is struck by an arc of lightning.
The scorpion is almost dead.
The lightning grounds out.
The water moccasin is struck by an arc of lightning.
The water moccasin is moderately wounded.
You are struck by an arc of lightning.
* * * LOW HITPOINT WARNING * * *
The water moccasin is struck by an arc of lightning!
The water moccasin is severely wounded.
The lightning grounds out.
* * * LOW HITPOINT WARNING * * *
The scorpion stings you but does no damage.
The water moccasin completely misses you.
The scorpion stings you.
You die...

##.## ####...# #.......
############.##....
............<##...o
####>............#
..............##.#
###.###'###..###.#
##...##.##.....!@#
#.....###..###.#sS.o[...
.......#....##...#..###.
###'###..##.##......#
.##.##...# ...†.......
..###...#.####...#.####
...#...###.. #...#.#
##......# ##.#...#.#
##.#..#.# #


You could see a water moccasin, a scorpion and an orc priest.

Vanquished Creatures
  An ice beast (D:6)
  Blork the orc (D:4)
  2 bullfrogs (Sewer)
  2 scorpions
  3 water moccasin zombies (Ossuary)
  2 orc priests
  2 jellies (D:5)
  A hound (D:5)
  An iguana (D:4)
  Ijyb (D:4)
  2 orc wizards
  3 mummies
  7 adders
  3 gnolls (D:5)
  6 river rats
  A shadow imp (D:5)
  8 adder zombies (Ossuary)
  A worm (D:4)
  A dart slug (D:3)
  11 orcs
  24 ball pythons
  8 bats
  9 endoplasms
  6 giant cockroaches
  4 gnoll zombies (Ossuary)
  5 goblins
  6 hobgoblins
  4 jackals (D:3)
  8 quokkas
  4 frilled lizards
  8 hobgoblin zombies
  9 kobolds
  2 kobold zombies (Ossuary)
  An orc zombie (Ossuary)
  41 rats
198 creatures vanquished.

Vanquished Creatures (collateral kills)
  A ball python (Sewer)
1 creature vanquished.

Vanquished Creatures (others)
  387 foxfires
387 creatures vanquished.

Grand Total: 586 creatures vanquished

Notes
Turn   | Place    | Note
-------+----------+-------------------------------------------
     0 | D:1      | RascalDebosk the Djinni Fire Elementalist began the quest
                  | for the Orb.
     0 | D:1      | RascalDebosk set off with the following spells memorised:
                  | Foxfire, Scorch, Conjure Flame, Inner Flame, Flame Wave.
     0 | D:1      | Reached XP level 1. HP: 15/15 MP: 0/0
   342 | D:1      | Reached XP level 2. HP: 8/22 MP: 0/0
   829 | D:1      | Reached XP level 3. HP: 23/26 MP: 0/0
   829 | D:1      | Learned a level 1 spell: Apportation
   843 | D:1      | Reached skill level 1 in Fighting
  1781 | D:2      | Reached XP level 4. HP: 29/32 MP: 0/0
  3012 | D:3      | Reached XP level 5. HP: 32/38 MP: 0/0
  3012 | D:3      | Learned a level 2 spell: Static Discharge
  3181 | D:3      | Identified the +6 scale mail "Quryafuph" {Fly rF+}
  3990 | D:4      | Noticed Blork the orc
  3995 | D:4      | Killed Blork the orc
  3996 | D:4      | Reached XP level 6. HP: 25/44 MP: 0/0
  4226 | D:4      | Noticed Ijyb
  4233 | D:4      | Killed Ijyb
  4809 | D:5      | Entered Level 5 of the Dungeon
  5329 | D:5      | Reached XP level 7. HP: 35/50 MP: 0/0
  5329 | D:5      | Learned a level 3 spell: Portal Projectile
  5439 | D:5      | Found a glowing drain.
  5449 | Sewer    | Entered a sewer
  5996 | Sewer    | Reached skill level 5 in Spellcasting
  6195 | D:5      | Found a staircase to the Ecumenical Temple.
  6203 | Temple   | Entered the Ecumenical Temple
  6409 | D:5      | Reached XP level 8. HP: 57/58 MP: 0/0
  6447 | D:5      | Reached skill level 5 in Dodging
  7006 | D:6      | Found a sand-covered staircase.
  7014 | Ossuary  | Entered an ossuary
  7644 | D:6      | HP: 1/58 [/static electricity (4)]
  7644 | D:6      | Slain by a scorpion

Illustrated notes

Levels and vault maps discovered:
D:1:      eino_arrival_cavern_a, layout_loops_ring, minmay_rat_gold_closets
D:2:      layout_loops_ring
D:3:      layout_loops_cross, minivault_14, minmay_close_crescents
D:4:      wander_river, layout_loops_cross, hangedman_decor_peaks_small,
          kennysheep_generic_room_11, uniq_blork_the_orc, uniq_ijyb
D:5:      layout_gridville, minmay_temple_entry_glassed_door,
          portal_sewer_entry_b
D:6:      layout_loops_ring, nicolae_ossuary_entry_giza, uniq_prince_ribbit1
Temple:   nicolae_temple_bog_church

Skill      XL: |  1  2  3  4  5  6  7  8 |
---------------+-------------------------+-----
Fighting       | 1 2 3 4 |  4.6
Spellcasting   | 3 4 5 |  5.9
Dodging        | 3 4 5 |  5.7
Stealth        | |  1.5

Action                   |  1- 3 |  4- 6 |  7- 9 || total
-------------------------+-------+-------+-------++-------
Melee: Long sword        |       |    30 |    16 ||    46
       Punch             |       |     1 |       ||     1
 Cast: Foxfire           |    56 |    82 |    97 ||   235
       Scorch            |     7 |     8 |    17 ||    32
       Inner Flame       |       |    10 |     5 ||    15
       Static Discharge  |       |     2 |    14 ||    16
  Use: Scroll            |       |     6 |    10 ||    16
 Stab: Sleeping          |       |       |     1 ||     1
Armor: Robe              |    13 |     9 |    17 ||    39
Dodge: Dodged            |    14 |    44 |    35 ||    93
